 Dungeon Crawl Stone Soup version 0.17.1-1-g73c8601 (webtiles) character file.

339010 root the Minotaur Blade (level 21, -8/182 HPs)
             Began as a Minotaur Fighter on Dec 8, 2015.
             Was the Champion of Qazlal.
             Mangled by a vault guard
             ... wielding a +1 dire flail of protection
              (16 damage)
             ... while paralysed by an ancient lich
             ... on level 5 of the Vaults on Dec 11, 2015.
             The game lasted 06:45:38 (44729 turns).

root the Minotaur Blade (Minotaur Fighter)         Turns: 44729, Time: 06:45:39

Health: -8/182     AC: 36    Str: 23    XL:     21   Next: 4%
Magic:  19/35      EV:  2    Int: 16    God:    Qazlal [******]
Gold:   2882       SH:  0    Dex: 26    Spells: 0 memorised, 20 levels left

rFire  + + +     SeeInvis +     B - +9 long sword "Odimunek" {elec, rF+ SInv}
rCold  + . .     Clarity  +     H - +8 chain mail "Sebburu" {rF+ rCorr Int+5}
rNeg   + + .     SustAt   .     Q - +5 shield of Eternity {rN+ Int+4 Dex+4}
rPois  .         Gourm    .     O - +2 hat
rElec  .         Spirit   .     v - +0 cloak {rC+}
rCorr  +         Warding  .     A - +2 pair of gloves
rMut   .         Stasis   .     D - +2 pair of boots {Stlth+}
MR     +....                    q - amulet of clarity
Stlth  ..........               R - ring of the Thistle {+Inv rF+ rN+ MP+9 Stlth-}
                                o - +6 ring of dexterity

@: paralysed, lethally poisoned (-8 -> -26), protected from physical damage,
repel missiles, drained, somewhat resistant to hostile enchantments, extremely
unstealthy
A: retaliatory headbutt, horns 2, low mp 1, subdued magic 1
a: Upheaval, Elemental Force, Disaster Area, Renounce Religion, Evoke
Invisibility
}: 2/15 runes: decaying, gossamer


You were on level 5 of the Vaults.
You worshipped Qazlal.
Qazlal was exalted by your worship.
You were not hungry.

You visited 6 branches of the dungeon, and saw 40 of its levels.
You visited the Abyss 2 times.
You also visited: Labyrinth, Bailey and Ice Cave.

You collected 4895 gold pieces.
You spent 2013 gold pieces at shops.

Inventory:

Hand Weapons
 B - the +9 long sword "Odimunek" (weapon) {elec, rF+ SInv}
   (You found it on level 5 of the Dungeon)

   Occasionally, upon striking a foe, it will discharge some electrical energy
   and cause terrible harm.
   It protects you from fire.
   It lets you see invisible.
 P - the +11 mace of Sin {crush, +Rage rPois rN+ SInv}
   (You found it on level 9 of the Dungeon)

   It inflicts extra damage upon your enemies.
   It protects you from poison.
   It protects you from negative energy.
   It lets you see invisible.
   It lets you go berserk.
Armour
 v - a +0 cloak of cold resistance (worn)
 A - a +2 pair of gloves (worn)
 D - a +2 pair of boots of stealth (worn)
 H - the +8 chain mail "Sebburu" (worn) {rF+ rCorr Int+5}
   (You bought it in a shop on level 11 of the Dungeon)

   It affects your intelligence (+5).
   It protects you from fire.
   It protects you from acid and corrosion.
 O - a +2 hat (worn)
 Q - the +5 shield of Eternity (worn) {rN+ Int+4 Dex+4}
   (You took it off Asterion on level 2 of the Vaults)

   It affects your intelligence (+4).
   It affects your dexterity (+4).
   It protects you from negative energy.
Jewellery
 n - an uncursed ring of poison resistance
 o - a +6 ring of dexterity (left hand)
 q - an amulet of clarity (around neck)
 x - an uncursed amulet of regeneration
 C - an uncursed amulet of rage
 E - an uncursed amulet of resist mutation
 F - an uncursed ring of teleportation
 L - an uncursed ring of sustain attributes
 R - the ring of the Thistle (right hand) {+Inv rF+ rN+ MP+9 Stlth-}
   (You found it on level 8 of the Dungeon)

   [ring of protection from fire]

   It protects you from fire.
   It protects you from negative energy.
   It affects your magic capacity (+9).
   It lets you turn invisible.
   It makes you less stealthy.
Wands
 s - a wand of lightning (4)
 z - a wand of enslavement (13)
 G - a wand of confusion (5)
 M - a wand of digging (12)
 S - a wand of teleportation (5)
Scrolls
 b - 6 scrolls of fog
 d - 8 scrolls of enchant armour
 g - 12 scrolls of enchant weapon
 i - 6 scrolls of identify
 l - 2 scrolls of silence
 p - 16 scrolls of remove curse
 r - 4 scrolls of blinking
 y - 2 scrolls of magic mapping
 K - 3 scrolls of fear
 U - a scroll of recharging
 Y - 4 scrolls of teleportation
Potions
 a - 3 potions of invisibility
 f - 14 potions of curing
 h - 4 potions of heal wounds
 j - 5 potions of resistance
 k - 7 potions of agility
 t - 2 potions of berserk rage
 u - 4 potions of haste
 I - 5 potions of might
 J - a potion of cure mutation
 V - a potion of cancellation
Miscellaneous
 c - a box of beasts {used: 2}
 m - a plain deck of defence {the Potion}
 w - a lamp of fire (inert)
Comestibles
 e - 12 bread rations


   Skills:
 + Level 14.4(14.2) Fighting
 + Level 24.7(24.5) Long Blades
 - Level 1.0(0.9) Maces & Flails
 + Level 16.6(16.4) Armour
 + Level 15.5(15.3) Dodging
 - Level 15.5(15.3) Shields
 - Level 11.0(10.8) Invocations
 - Level 12.2(12.0) Evocations


You had 20 spell levels left.
You didn't know any spells.

Dungeon Overview and Level Annotations

Branches:
Dungeon (15/15)            Temple (0/1) D:6            Lair (8/8) D:11
  Swamp (4/4) Lair:4       Spider (4/4) Lair:5        Slime (0/6) Lair:8
    Orc (4/4) D:11            Elf (0/3) Orc:4        Vaults (5/5) D:13
  Crypt (0/3) Vaults:2     Depths (0/5) D:15

Altars:
Dithmenos
Fedhas
Gozag
Makhleb
Nemelex Xobeh
Okawaru
Qazlal
Ru
Sif Muna
Trog
Vehumet
Xom
Zin
Beogh

Shops:
D:5 [   D:11 [%   Orc:3 ?!   Orc:4 *}?[   Vaults:2 :

Annotations:
D:2 exclusion: oklob plant


Innate Abilities, Weirdness & Mutations

You reflexively headbutt those who attack you in melee.
You have a pair of horns on your head.
Your magical capacity is low (-10% MP).
Your spells are a little easier to cast, but a little less powerful.


Message History

The vault guard is engulfed in roaring flames.
You kill the vault guard!
Qazlal accepts your kill.
The vault sentinel blows a loud note on a signal horn!
The vault guard hits you with a dire flail.
* * * LOW HITPOINT WARNING * * *
The ironheart preserver hits you with a morningstar.
* * * LOW HITPOINT WARNING * * *
The yaktaur shoots a bolt.
The bolt hits your mature oxsting beast!!
The vault guard is engulfed in roaring flames.
The vault guard hits your mature oxsting beast with a great mace of protection!
Your mature oxsting beast dies!
Your mature oxsting beast's corpse disappears in a puff of smoke!
The tengu reaver is engulfed in roaring flames.
The vault warden is engulfed in roaring flames.
The vault warden hits your fire elemental with a great mace of draining!!
The fire giant is engulfed in roaring flames.
The vault guard hits you with a dire flail of protection!
You die...

.§...#....# #.
.E..#..≈≈#..#
...#))..#.#.
§p§*)(.....
#####pEOppep..#
....C(pp§§C....
....CQ§LpC.....
....Cpp@pNQ....
.?...pppp§D....
#####DppQpC.C##
...cpccp.T..
....#c.≈.#c..
##.≈.#..≈.# ..
#...#....# .
#...#....#


You could see a shadow dragon, 2 ironheart preservers, a titan, an ancient lich
(invisible), a storm dragon, a fire giant, 2 stone giants, 3 vault wardens, 3
tengu reavers, a yaktaur captain, a salamander stormcaller, 11 vault guards, 3
ettins, a deep elf sorcerer, an ogre mage, a deep troll, 2 vault sentinels, 2
ironbrand convokers, 4 yaktaurs, a scimitar of draining and 2 friendly fire
elementals.

Vanquished Creatures
  Sojobo (Vaults:4)
  the Lernaean hydra (Swamp:4)
  2 bone dragons (Abyss:1)
  Rupert (Lair:3)
  A lich (Abyss:1)
  Asterion (Vaults:2)
  The ghost of DEFE the Fencer, an adept HEFi of Ashenzari (Vaults:1)
  4 tentacled starspawn (Abyss:1)
  The ghost of PeterLawrence the Tortoise, an adept MiFi of Okawaru (Spider:3)
  Agnes (Spider:1)
  Kirke (D:14)
  2 tengu reavers (Vaults:4)
  The ghost of ketsa the Lord of Darkness, an adept DsNe of Kikubaaqudgha (Spider:3)
  Roxanne (Swamp:4)
  2 ghost moths (Spider:4)
  A frost giant (Vaults:3)
  An orc warlord (Orc:4)
  12 vault wardens
  Aizul (Vaults:4)
  Louise (Spider:4)
  A deep elf sorcerer (Abyss:1)
  7 emperor scorpions (Spider:4)
  A ghoul (Vaults:2)
  The ghost of Nicoed the Transmogrifier, a journeyman DrTm of Makhleb (Lair:7)
  12 ironheart preservers
  7 stone giants
  7 very ugly things
  Nessos (D:13)
  2 deep elf annihilators
  Azrael (D:12)
  2 salamander stormcallers (Vaults:4)
  2 lorocyprocas (Abyss:1)
  28 vault guards
  The ghost of WereVolvo the Devastator, a journeyman TeCj of Vehumet (Lair:6)
  A deep elf death mage (Vaults:4)
  2 blizzard demons (IceCv)
  2 ettins
  A yaktaur captain (Vaults:1)
  2 fire dragons
  Erolcha (Orc:1)
  A minotaur (Lab)
  Josephine (Lair:6)
  3 great orbs of eyes
  A rakshasa (D:15)
  3 ice dragons
  18 hydras
  2 entropy weavers
  A ghost crab (Swamp:3)
  7 ogre magi
  2 alligators
  10 centaur warriors
  20 death yaks
  5 thrashing horrors (Abyss:1)
  A deep troll earth mage (Vaults:4)
  3 hell hogs (Abyss:1)
  6 orc high priests
  The ghost of bsdbeard the Covert, a novice KoBe of Trog (Bailey)
  2 shadow wraiths
  2 deep elf knights (Vaults:4)
  5 wretched stars (Abyss:1)
  11 skeletal warriors (Vaults:1)
  5 ice devils (IceCv)
  A spatial maelstrom (Abyss:1)
  A sun demon (Abyss:1)
  An unseen horror (Vaults:1)
  A giant orange brain (shapeshifter) (Vaults:2)
  A fire crab (Vaults:3)
  5 starcursed masses (Abyss:1)
  6 harpies
  A giant orange brain (Abyss:1)
  An obsidian statue (Vaults:4)
  A shambling mangrove (Swamp:1)
  7 hill giants
  A wolf spider zombie (Abyss:1)
  9 swamp dragons
  A deep elf conjurer (Vaults:1)
  4 deep trolls (Vaults:4)
  12 orb spiders
  19 orc knights
  An oklob plant (D:11)
  3 necromancers
  5 hornets
  12 ironbrand convokers
  2 wizards
  A human zombie (Vaults:3)
  6 griffons
  11 wolf spiders
  6 cyclopes
  6 orc sorcerers
  A water nymph (shapeshifter) (Vaults:3)
  2 sixfirhies (Abyss:1)
  3 manticores
  A moth of wrath (Spider:1)
  3 worldbinders (Abyss:1)
  6 elephants (Lair:4)
  A frost giant skeleton (Vaults:3)
  9 smoke demons (Abyss:1)
  Maurice (D:13)
  3 black mambas
  A stone giant skeleton (Abyss:1)
  An apocalypse crab (Abyss:1)
  19 ugly things
  An ice statue (IceCv)
  3 gargoyles
  5 vault sentinels
  24 spiny frogs
  2 storm dragon simulacra (Vaults:3)
  An orange demon (Abyss:1)
  2 kobold demonologists
  32 yaktaurs
  6 komodo dragons
  5 anaconda simulacra (IceCv)
  A tormentor (Abyss:1)
  12 demonic crawlers
  A spriggan druid (Lair:8)
  10 freezing wraiths
  2 golden dragon simulacra (IceCv)
  16 jumping spiders
  A deep elf priest (Vaults:4)
  A two-headed ogre (shapeshifter) (D:13)
  2 blue devils (IceCv)
  4 fire drakes
  5 ancient zymes (Abyss:1)
  9 polar bears (Lair:8)
  24 two-headed ogres
  8 trolls
  4 giant leeches
  47 slime creatures
  7 raiju (Abyss:1)
  A raiju (shapeshifter) (Vaults:3)
  15 bog bodies
  25 blink frogs
  7 boulder beetles
  4 shadows
  A redback (shapeshifter) (Vaults:3)
  12 trapdoor spiders
  A tarantella (shapeshifter) (Vaults:1)
  16 spriggans
  Sigmund (D:3)
  11 tarantellas
  3 ynoxinuls (Abyss:1)
  2 deep elf magi
  A vampire (Vaults:2)
  30 redbacks
  12 hippogriffs
  7 basilisks
  Eustachio (D:7)
  2 neqoxecs (Abyss:1)
  A wyvern (D:10)
  34 yaks
  4 hungry ghosts
  7 wraiths
  13 large abominations (Abyss:1)
  5 deep elf fighters
  4 fire elementals (D:12)
  2 chaos spawn (Abyss:1)
  21 wolves
  2 iron troll simulacra (IceCv)
  7 wargs
  A human simulacrum (Vaults:3)
  35 vampire mosquitoes
  4 harpy simulacra (IceCv)
  A soldier ant (shapeshifter) (D:12)
  24 swamp worms
  9 porcupines
  A soldier ant (D:15)
  15 swamp drakes
  A warg (shapeshifter) (Vaults:2)
  4 hell hounds (D:12)
  A deep troll skeleton (Vaults:3)
  5 hydra simulacra (IceCv)
  12 water moccasins
  2 sky beasts
  4 black bears
  An eye of draining (D:15)
  22 spiders
  68 orc warriors
  37 ogres
  8 crocodiles
  3 ettin simulacra
  2 alligator simulacra (IceCv)
  3 phantoms
  13 wasps
  An ice beast (D:7)
  8 boggarts
  A human skeleton (Vaults:3)
  12 centaurs
  3 big kobolds
  28 giant frogs
  An earth elemental (Lab)
  A wyvern skeleton (D:7)
  21 small abominations
  5 scorpions
  A water moccasin skeleton (D:7)
  An electric eel (D:10)
  14 wights
  10 crimson imps
  9 killer bees
  2 giant frog zombies
  13 iguanas
  2 quasits (Abyss:1)
  An iron imp (Abyss:1)
  43 orc priests
  15 jellies
  5 centaur skeletons
  12 hounds
  Jessica (D:2)
  Terence (D:2)
  2 troll simulacra (IceCv)
  9 worker ants
  37 orc wizards
  A polar bear simulacrum (IceCv)
  25 sheep
  A wolf simulacrum (IceCv)
  A spriggan simulacrum (IceCv)
  A centaur simulacrum (IceCv)
  A hound zombie (D:8)
  A hound skeleton (D:4)
  Robin (D:3)
  6 gnolls
  69 river rats
  15 adders
  An ogre simulacrum (IceCv)
  3 shadow imps
  3 naga simulacra (IceCv)
  20 white imps
  10 ufetubi (IceCv)
  A worker ant simulacrum (D:9)
  14 oozes
  2 worms
  4 giant geckos
  258 orcs
  5 ball pythons
  18 goblins
  9 hobgoblins
  10 jackals
  19 kobolds
  9 quokkas
  10 bats
  9 giant cockroaches
  6 giant newts
  A jackal skeleton (D:5)
  2 quokka skeletons
  A quokka zombie (D:5)
  9 rats
  A bush (Lair:7)
  56 fungi
  42 plants
  A starspawn tentacle (Abyss:1)
2073 creatures vanquished.

Vanquished Creatures (collateral kills)
  A tentacled monstrosity (Swamp:3)
1 creature vanquished.

Vanquished Creatures (others)
  A lich (Abyss:1)
  Wiglaf (Vaults:4)
  A shadow wraith (Vaults:4)
  An orc sorcerer (Orc:3)
  A deep elf priest (Vaults:4)
  A bog body (Swamp:4)
  A swamp drake (Swamp:4)
  A small abomination (Abyss:1)
  A hound (D:14)
  3 orcs
  A bush (Lair:5)
  26 fungi
  A lurking horror (Abyss:1)
  25 plants
  11 starspawn tentacles (Abyss:1)
  205 starspawn tentacle segments (Abyss:1)
  13 toadstools (D:2)
294 creatures vanquished.

Grand Total: 2368 creatures vanquished

Notes
Turn   | Place    | Note
--------------------------------------------------------------
     0 | D:1      | root the Minotaur Fighter began the quest for the Orb.
     0 | D:1      | Reached XP level 1. HP: 19/19 MP: 0/0
    50 | D:1      | Reached skill level 4 in Armour
    55 | D:1      | Reached XP level 2. HP: 16/27 MP: 1/1
   500 | D:2      | Found a radiant altar of Vehumet.
   509 | D:2      | Noticed Jessica
   517 | D:2      | Killed Jessica
   517 | D:2      | Reached XP level 3. HP: 29/33 MP: 2/2
   611 | D:2      | Found a stormy altar of Qazlal.
   612 | D:2      | Noticed Sigmund
   636 | D:2      | Became a worshipper of Qazlal Stormbringer
   724 | D:2      | Found a faded altar to an unknown god.
   745 | D:2      | Noticed Terence
   841 | D:2      | Killed Terence
   841 | D:2      | Reached XP level 4. HP: 41/41 MP: 3/3
  1087 | D:2      | Found a blossoming altar of Fedhas.
  1104 | D:2      | Noticed an oklob plant
  1197 | D:3      | Noticed a centaur
  1208 | D:3      | Killed a centaur
  1208 | D:3      | Reached skill level 5 in Shields
  1208 | D:3      | Reached XP level 5. HP: 17/47 MP: 4/4
  1434 | D:3      | Reached skill level 1 in Dodging
  1435 | D:3      | Reached skill level 5 in Fighting
  1771 | D:3      | Killed Sigmund
  1771 | D:3      | Reached skill level 5 in Armour
  1771 | D:3      | Reached XP level 6. HP: 30/56 MP: 5/5
  1845 | D:3      | Reached * piety under Qazlal
  2148 | D:3      | Found a sparkling altar of Nemelex Xobeh.
  2186 | D:3      | Noticed an ogre
  2203 | D:3      | Killed an ogre
  2273 | D:4      | Reached XP level 7. HP: 58/61 MP: 6/6
  2345 | D:4      | Got a scorched hand axe
  2352 | D:4      | Reached skill level 6 in Armour
  2353 | D:4      | Noticed Robin
  2403 | D:3      | Identified the +8 hand axe "Iluteham" {freeze, *Rage rC+ Int+2 Dex+5} (You found it on level 4 of the Dungeon)
  2416 | D:3      | Reached ** piety under Qazlal
  2470 | D:3      | Killed Robin
  2661 | D:4      | Found an opulent altar of Gozag.
  2941 | D:4      | Found a burning altar of Makhleb.
  3004 | D:5      | Entered Level 5 of the Dungeon
  3022 | D:5      | Got a bloodstained long sword
  3023 | D:5      | Identified the +9 long sword "Odimunek" {elec, rF+ SInv} (You found it on level 5 of the Dungeon)
  3136 | D:5      | Found Dedaat's Antique Armour Shoppe.
  3252 | D:5      | Reached XP level 8. HP: 70/70 MP: 7/7
  3254 | D:5      | Reached *** piety under Qazlal
  3268 | D:5      | Reached skill level 5 in Long Blades
  3520 | D:5      | Got an ancient short sword
  3568 | D:5      | Found a shadowy altar of Dithmenos.
  3748 | D:5      | Bought a fine ring mail for 171 gold pieces
  3758 | D:5      | Identified the +2 ring mail of Veseruh {rF+ rN+ Str-4 SInv} (You bought it in a shop on level 5 of the Dungeon)
  3863 | D:6      | Reached skill level 7 in Shields
  3868 | D:6      | Found a staircase to the Ecumenical Temple.
  4032 | D:6      | Reached skill level 5 in Dodging
  4353 | D:7      | Reached skill level 8 in Shields
  4448 | D:7      | Reached XP level 9. HP: 61/78 MP: 8/8
  4615 | D:7      | Found a sacrificial altar of Ru.
  4633 | D:7      | Reached **** piety under Qazlal
  4683 | D:7      | Found an iron altar of Okawaru.
  4754 | D:7      | Noticed Eustachio
  4770 | D:7      | Killed Eustachio
  4852 | D:7      | Reached skill level 9 in Shields
  5154 | D:8      | Got a flickering wooden ring
  5156 | D:8      | Identified the ring of Uketoug {rPois rN++ MR- MP+9 Str+2} (You found it on level 8 of the Dungeon)
  5323 | D:8      | Found a bloodstained altar of Trog.
  5365 | D:8      | Got a scintillating bronze ring
  5367 | D:8      | Identified the ring of the Thistle {+Inv rF+ rN+ MP+9 Stlth-} (You found it on level 8 of the Dungeon)
  5467 | D:8      | Found a shimmering altar of Xom.
  5761 | D:9      | Found a flagged portal.
  5778 | D:9      | Identified the cursed +0 short sword of Supply {pierce, *Corrode MR+ Int+4} (You found it on level 5 of the Dungeon)
  5781 | Bailey   | Entered a bailey
  5847 | Bailey   | Reached ***** piety under Qazlal
  5858 | Bailey   | Reached XP level 10. HP: 61/88 MP: 9/9
  6007 | Bailey   | Noticed an orc knight
  6019 | Bailey   | Killed an orc knight
  6019 | Bailey   | Reached skill level 10 in Shields
  6027 | Bailey   | Noticed bsdbeard's ghost (novice KoBe)
  6045 | Bailey   | Noticed an orc knight
  6045 | Bailey   | Killed bsdbeard's ghost
  6050 | Bailey   | Noticed an orc knight
  6050 | Bailey   | Noticed an orc knight
  6059 | Bailey   | Killed an orc knight
  6061 | Bailey   | Noticed an orc knight
  6066 | Bailey   | Killed an orc knight
  6070 | Bailey   | HP: 4/90 [orc knight/glaive (28)]
  6074 | Bailey   | Killed an orc knight
  6074 | Bailey   | Reached skill level 11 in Shields
  6085 | Bailey   | Killed an orc knight
  6697 | D:9      | Found a deep blue altar of Sif Muna.
  6839 | D:9      | Identified a scroll of acquirement
  7006 | D:9      | Found an iron altar of Okawaru.
  7029 | D:9      | Got a dazzling mace
  7126 | D:9      | Reached XP level 11. HP: 94/97 MP: 10/10
  7178 | D:9      | Identified Sif Muna's Incunabulum of Cloudy Combat Magic
  7350 | D:10     | Entered Level 10 of the Dungeon
  7565 | D:10     | Identified a +0 rod of the swarm (13/13) (You found it on level 10 of the Dungeon)
  7620 | D:10     | Reached skill level 10 in Long Blades
  7754 | D:10     | Reached skill level 12 in Shields
  8477 | D:11     | Found Ysaileak's Food Shoppe.
  8526 | D:11     | Found a staircase to the Lair.
  8547 | D:11     | Found Omur Duss's Antique Armour Shoppe.
  8555 | D:11     | Bought a brightly glowing chain mail for 285 gold pieces
  8555 | D:11     | Bought a pair of embroidered gloves for 135 gold pieces
  8568 | D:11     | Identified the +8 chain mail "Sebburu" {rF+ rCorr Int+5} (You bought it in a shop on level 11 of the Dungeon)
  8637 | D:11     | Reached ****** piety under Qazlal
  8664 | D:11     | Got a jet-encrusted leather armour
  8665 | D:11     | Identified the +2 leather armour of Liwatuote {+Inv MR- SInv} (You found it on level 11 of the Dungeon)
  8687 | D:11     | Found a glowing silver altar of Zin.
  8835 | D:11     | Found a staircase to the Orcish Mines.
  9365 | Lair:1   | Entered Level 1 of the Lair of Beasts
  9401 | Lair:1   | Reached skill level 10 in Fighting
  9426 | Lair:1   | Reached XP level 12. HP: 81/106 MP: 11/11
  9481 | Lair:1   | Found a labyrinth entrance.
  9494 | Lab      | Entered a labyrinth
  9646 | Lab      | Noticed a minotaur
  9655 | Lab      | Killed a minotaur
  9655 | Lab      | Reached skill level 10 in Armour
  9664 | Lab      | Identified Sif Muna's Tome of Cloudy Combat Magic
  9697 | Lab      | Got an ancient buckler
  9703 | Lab      | Identified the -1 buckler of Jigsaw {*Drain rPois Str+3 Dex+3} (You found it in a labyrinth)
  9799 | Lair:2   | Reached skill level 1 in Evocations
  9902 | Lair:1   | Noticed a five-headed hydra
  9949 | Lair:1   | Identified the +11 mace of Sin {crush, +Rage rPois rN+ SInv} (You found it on level 9 of the Dungeon)
  9955 | Lair:1   | Killed a five-headed hydra
  9955 | Lair:1   | Reached skill level 13 in Shields
 11317 | Lair:3   | Noticed a four-headed hydra
 11328 | Lair:3   | Killed a four-headed hydra
 11334 | Lair:3   | Reached skill level 1 in Maces & Flails
 11576 | Lair:3   | Noticed Rupert
 11582 | Lair:3   | Killed Rupert
 11587 | Lair:3   | Reached XP level 13. HP: 62/115 MP: 14/14
 11684 | Lair:3   | Reached skill level 14 in Shields
 12234 | D:11     | Bought a steaming large shield for 285 gold pieces
 12244 | D:11     | Identified the +0 large shield of Too Many Cooks {rPois rF- Int+2 SInv} (You bought it in a shop on level 11 of the Dungeon)
 12536 | Lair:4   | Found a staircase to the Swamp.
 12765 | Lair:4   | Reached skill level 5 in Evocations
 13512 | Lair:5   | Reached skill level 15 in Shields
 13520 | Lair:5   | Found a hole to the Spider Nest.
 14087 | Lair:6   | Noticed WereVolvo's ghost (journeyman TeCj)
 14104 | Lair:5   | Reached XP level 14. HP: 89/125 MP: 17/17
 14244 | Lair:6   | Killed WereVolvo's ghost
 14410 | Lair:6   | Noticed Josephine
 14414 | Lair:6   | Killed Josephine
 14482 | Lair:6   | Got a crystal dagger
 14483 | Lair:6   | Identified the +5 dagger "Jellyslayer" {speed, +Rage Str+6 Stlth+} (You found it on level 6 of the Lair of Beasts)
 14828 | Lair:6   | Reached skill level 10 in Dodging
 15133 | Lair:7   | Noticed Nicoed's ghost (journeyman DrTm)
 15152 | Lair:7   | Killed Nicoed's ghost
 15989 | Lair:8   | Entered Level 8 of the Lair of Beasts
 16598 | Lair:8   | Reached skill level 15 in Long Blades
 17143 | Lair:8   | Found a staircase to the Slime Pits.
 17881 | Lair:2   | Upgraded the game from 0.17.0-57-g0e89251 to 0.17.1-1-g73c8601
 17923 | Orc:1    | Entered Level 1 of the Orcish Mines
 17923 | Orc:1    | Noticed Erolcha
 17933 | Orc:1    | Paralysed by Erolcha for 5 turns
 17939 | Orc:1    | Killed Erolcha
 18274 | Orc:2    | Found a roughly hewn altar of Beogh.
 18426 | Orc:1    | Found a roughly hewn altar of Beogh.
 18842 | Orc:3    | Paralysed by an orc sorcerer for 3 turns
 18857 | Orc:3    | Reached skill level 1 in Invocations
 18875 | Orc:3    | Found Jearol's Magic Scroll Shop.
 18958 | Orc:3    | Reached XP level 15. HP: 134/134 MP: 19/19
 18974 | Orc:3    | Bought a scroll of identify for 36 gold pieces
 18974 | Orc:3    | Bought a scroll of identify for 36 gold pieces
 18974 | Orc:3    | Bought a scroll of identify for 36 gold pieces
 18993 | Orc:3    | Found Meonluwk's Distillery.
 19000 | Orc:3    | Bought a potion of heal wounds for 55 gold pieces
 19000 | Orc:3    | Bought 2 potions of curing for 66 gold pieces
 19000 | Orc:3    | Bought a potion of heal wounds for 55 gold pieces
 19000 | Orc:3    | Bought a potion of curing for 33 gold pieces
 19632 | Orc:4    | Entered Level 4 of the Orcish Mines
 20070 | Orc:4    | Reached skill level 16 in Long Blades
 20079 | Orc:4    | Found a roughly hewn altar of Beogh.
 20120 | Orc:4    | Found Hiute's Antique Armour Emporium.
 20125 | Orc:4    | Bought a transparent cloak for 228 gold pieces
 20135 | Orc:4    | Identified the cursed -5 cloak "Hanipa" {Regen+ Int+2 Dex+4 Stlth-} (You bought it in a shop on level 4 of the Orcish Mines)
 20142 | Orc:4    | Bought a runed cloak for 108 gold pieces
 20142 | Orc:4    | Bought a faintly humming ring mail for 216 gold pieces
 20158 | Orc:4    | Identified the +0 ring mail of the Desert {+Fly rF++ Str+4 Dex-3} (You bought it in a shop on level 4 of the Orcish Mines)
 20176 | Orc:4    | Found Lass's Magic Scroll Shoppe.
 20181 | Orc:4    | Bought a scroll of magic mapping for 56 gold pieces
 20465 | Orc:4    | Found a staircase to the Elven Halls.
 20753 | Orc:4    | Found Vuqagg's Gadget Shoppe.
 20785 | Orc:4    | Found a roughly hewn altar of Beogh.
 20800 | Orc:4    | Found Loar Deu's General Store.
 20820 | Orc:4    | Bought a scroll of magic mapping for 52 gold pieces
 20892 | Orc:4    | Bought a scroll of identify for 32 gold pieces
 20892 | Orc:4    | Bought a scroll of identify for 32 gold pieces
 20892 | Orc:4    | Bought a scroll of identify for 32 gold pieces
 20892 | Orc:4    | Bought a scroll of identify for 32 gold pieces
 20892 | Orc:4    | Bought a scroll of identify for 32 gold pieces
 21232 | Orc:4    | Paralysed by an orc sorcerer for 7 turns
 21770 | D:12     | Noticed Azrael
 21784 | D:12     | Killed Azrael
 22338 | D:13     | Found Kiosch's Antique Weapon Shop.
 22377 | D:13     | Reached skill level 17 in Long Blades
 22665 | D:13     | Noticed Nessos
 22673 | D:13     | Killed Nessos
 22794 | D:13     | Noticed Maurice
 22805 | D:13     | Killed Maurice
 22951 | D:13     | Found a gate to the Vaults.
 23336 | D:14     | Noticed Kirke
 23346 | D:14     | Killed Kirke
 23645 | D:15     | Entered Level 15 of the Dungeon
 23649 | D:15     | Reached XP level 16. HP: 113/141 MP: 21/21
 23658 | D:15     | Reached skill level 5 in Invocations
 23815 | D:15     | Found a staircase to the Depths.
 24148 | D:15     | Reached skill level 18 in Long Blades
 24892 | Swamp:1  | Entered Level 1 of the Swamp
 26449 | Swamp:3  | Found a frozen archway.
 26469 | IceCv    | Entered an ice cave
 27277 | IceCv    | Reached skill level 19 in Long Blades
 27374 | IceCv    | Identified Sif Muna's Volume of Shifting Aid
 28559 | Swamp:4  | Entered Level 4 of the Swamp
 28560 | Swamp:4  | Noticed Roxanne
 29574 | Swamp:4  | Reached XP level 17. HP: 75/148 MP: 23/23
 29765 | Swamp:3  | Noticed a tentacled monstrosity
 29778 | Swamp:3  | Killed a tentacled monstrosity
 30163 | Swamp:4  | Noticed the 27-headed Lernaean hydra
 30173 | Swamp:4  | Killed the 27-headed Lernaean hydra
 30181 | Swamp:4  | Got a decaying rune of Zot
 30210 | Swamp:4  | Reached skill level 10 in Evocations
 30665 | Swamp:4  | Killed Roxanne
 30667 | Swamp:4  | Identified Roxanne's Handbook of Dusty Changing (You took it off Roxanne on level 4 of the Swamp)
 31122 | Spider:1 | Entered Level 1 of the Spider Nest
 31656 | Spider:1 | Noticed Agnes
 31662 | Spider:1 | Killed Agnes
 31879 | Spider:1 | You fall through a shaft!
 32924 | Spider:2 | Got a faintly glowing leather armour
 32925 | Spider:2 | Identified the +5 leather armour of the Known World {rN+} (You found it on level 2 of the Spider Nest)
 33370 | Spider:2 | Reached skill level 20 in Long Blades
 33552 | Spider:3 | Noticed ketsa's ghost (adept DsNe)
 33583 | Spider:3 | Noticed PeterLawrence's ghost (adept MiFi)
 33728 | Spider:3 | Killed ketsa's ghost
 33740 | Spider:3 | Killed PeterLawrence's ghost
 34387 | Spider:4 | Entered Level 4 of the Spider Nest
 34394 | Spider:4 | Noticed Louise
 34412 | Spider:4 | Cast into the Abyss (Louise)
 34709 | Abyss:1  | Found a corrupted altar of Lugonu.
 34986 | Abyss:1  | HP: 5/133 [lorocyproca (26)]
 34999 | Abyss:1  | Noticed a bone dragon
 35016 | Abyss:1  | Noticed a lich
 35031 | Abyss:1  | Paralysed by accursed screaming for 1 turns
 35070 | Abyss:1  | Found a stormy altar of Qazlal.
 35142 | Abyss:1  | HP: 7/148 [wretched star/orb of energy (27)]
 35163 | Spider:4 | Escaped the Abyss
 35173 | Spider:4 | Killed Louise
 35173 | Spider:4 | Reached XP level 18. HP: 34/156 MP: 24/24
 36030 | Spider:4 | Reached skill level 15 in Armour
 36253 | Spider:4 | Reached skill level 21 in Long Blades
 36267 | Spider:4 | Got a gossamer rune of Zot
 36944 | Vaults:1 | Entered Level 1 of the Vaults
 37382 | Vaults:1 | Noticed DEFE's ghost (adept HEFi)
 37490 | Vaults:1 | Killed DEFE's ghost
 38891 | Vaults:2 | Noticed Asterion
 38906 | Vaults:2 | Killed Asterion
 38906 | Vaults:2 | Reached XP level 19. HP: 140/162 MP: 26/26
 38908 | Vaults:2 | Got a scorched shield
 38911 | Vaults:2 | Identified the +5 shield of Eternity {rN+ Int+4 Dex+4} (You took it off Asterion on level 2 of the Vaults)
 38968 | Vaults:2 | Reached skill level 22 in Long Blades
 38986 | Vaults:2 | Cast into the Abyss (an ogre mage)
 39206 | Abyss:1  | Noticed a bone dragon
 39232 | Abyss:1  | Killed a bone dragon
 39232 | Abyss:1  | Reached skill level 10 in Invocations
 39254 | Abyss:1  | Killed a bone dragon
 39649 | Abyss:1  | Noticed a bone dragon
 40000 | Abyss:1  | Noticed a bone dragon
 40074 | Vaults:2 | Escaped the Abyss
 40375 | Vaults:2 | Reached skill level 23 in Long Blades
 40422 | Vaults:2 | Found a staircase to the Crypt.
 40816 | Vaults:2 | Found Ufiulonk's Book Boutique.
 41226 | Vaults:3 | Reached XP level 20. HP: 170/170 MP: 28/28
 41714 | Vaults:3 | Reached skill level 15 in Dodging
 42492 | Vaults:4 | Noticed Aizul
 42500 | Vaults:4 | Killed Aizul
 42562 | Vaults:4 | Reached skill level 24 in Long Blades
 42777 | Vaults:4 | Noticed Sojobo
 42778 | Vaults:4 | Noticed Wiglaf
 42793 | Vaults:4 | Killed Wiglaf
 43923 | Vaults:4 | Killed Sojobo
 44710 | Vaults:5 | Entered Level 5 of the Vaults
 44710 | Vaults:5 | Noticed an ancient lich
 44721 | Vaults:5 | Gained mutation: Your magical capacity is low (-10% MP). [the power of Zot]
 44721 | Vaults:5 | Gained mutation: Your spells are a little easier to cast, but a little less powerful. [the power of Zot]
 44727 | Vaults:5 | Paralysed by an ancient lich for 5 turns
 44727 | Vaults:5 | Reached XP level 21. HP: 98/182 MP: 18/26
 44729 | Vaults:5 | HP: 8/182 [ironheart preserver/morningstar[the power of Zot] (6)]
 44729 | Vaults:5 | Mangled by a vault guard

Action                   |  1- 3 |  4- 6 |  7- 9 | 10-12 | 13-15 | 16-18 | 19-21 || total
-------------------------+-------+-------+-------+-------+-------+-------+-------++-------
Melee: Long sword        |    93 |   104 |   302 |   523 |  1517 |  1931 |  1206 ||  5676
       Mace              |       |       |       |     5 |     9 |    65 |       ||    79
Invok: Disaster Area     |       |       |       |       |       |       |     3 ||     3
       Elemental Force   |       |       |       |       |       |       |     1 ||     1
Evoke: Wand              |       |       |       |       |       |     6 |     7 ||    13
       Lamp of fire      |       |       |       |       |       |     1 |     2 ||     3
       Box of beasts     |       |       |       |       |       |     1 |     1 ||     2
  Use: Potion            |       |     1 |       |     4 |     1 |    13 |     4 ||    23
       Scroll            |       |       |    20 |     6 |     7 |    22 |     7 ||    62
 Stab: Paralysed         |       |       |     1 |       |       |       |       ||     1
       Confused          |       |       |       |       |       |     1 |       ||     1
       Distracted        |       |       |       |       |       |     1 |       ||     1
  Eat: Chunk             |       |     5 |    11 |    20 |    38 |    15 |    17 ||   106
       Pizza             |       |       |       |       |     1 |       |     1 ||     2
       Fruit             |       |       |       |       |       |     5 |       ||     5
       Bread ration      |       |       |       |       |       |     6 |     2 ||     8
       Meat ration       |       |       |       |       |       |     1 |       ||     1
       Beef jerky        |       |       |       |       |       |     1 |       ||     1
